Ice Dragons vs Griffins
Created - November 4, 2017 at 19:39
Goals
|
| Ice Dragons |
2 |
2 |
0 |
4 |
| Griffins |
2 |
0 |
0 |
2 |
|
Shots
|
| Ice Dragons |
14 |
14 |
4 |
32 |
| Griffins |
20 |
8 |
9 |
37 |
|
1st period
1. Ice Dragons , Troy Brouwer 7 (Curtis Glencross 8, Michael Latta 9) at 2:24 (PP)
2. Griffins , Robert Dome 6 (Petr Pohl 9, Jamie Arniel 8) at 7:11 (PP)
3. Griffins , Mike Duco 4 (Greg Mauldin 2, Pontus Aberg 3) at 13:21
4. Ice Dragons , Michael Latta 4 (Curtis Glencross 9) at 17:51 (PP)
Penalties :
J.T. Brown (Cap) for Delaying the game (Minor) at 2:19, Ryan Reaves (Kin) for Boarding (Minor) at 4:08, Logan MacMillan (Kin) for Hooking (Minor) at 6:43, Simon Despres (Cap) for Roughing (Minor) at 17:26
2nd period
5. Ice Dragons , Andrej Nestrasil 2 (Kevin Connauton 2) at 4:16
6. Ice Dragons , Troy Brouwer 8 (Michael Ferland 1) at 19:30
Penalties :
Jason Missiaen (Cap) for Slashing (Minor) at 4:32 - Jamie Arniel served the penalty, Petr Pohl (Cap) for High sticking (Minor) at 10:10, Andrej Nestrasil (Kin) for Hooking (Minor) at 12:30
3rd period
No Goal
Penalties :
Michael Ferland (Kin) for Hooking (Minor) at 8:09
Goalie Stats
Anders Nilsson (Kin), 35 saves from 37 shots - (0.946), W, 7-4-0, 60:00 minutes
Jason Missiaen (Cap), 28 saves from 32 shots - (0.875), L, 2-2-2, 60:00 minutes
Players Stats for Ice Dragons
Player Name G A P +/- PIM S H SB GA TA FO MP PP MP PK MP
------------------------------------------------------------------------------------
Andrej Nestrasil 1 0 1 1 2 1 1 0 0 0 2/6 12:47 0:31 0:00
Brandon Kozun 0 0 0 1 0 1 2 0 0 0 0/0 12:46 0:39 0:00
Curtis Glencross 0 2 2 0 0 5 2 0 0 0 5/10 24:50 2:27 3:11
Ian Cole 0 0 0 0 0 0 1 0 0 0 0/0 25:30 2:29 2:49
Joe Callahan 0 0 0 0 0 2 0 0 0 0 0/0 27:29 2:29 2:49
Justin Faulk 0 0 0 1 0 1 0 0 0 1 0/0 17:37 1:45 0:17
Kevin Connauton 0 1 1 1 0 1 0 1 0 0 0/0 20:22 1:45 3:19
Logan MacMillan 0 0 0 1 2 2 0 0 0 1 0/1 12:43 0:30 0:07
Michael Chaput 0 0 0 0 0 0 0 0 0 1 1/3 8:04 0:12 1:31
Michael Ferland 0 1 1 1 2 0 0 0 0 0 0/0 7:37 0:22 0:46
Michael Latta 1 1 2 1 0 4 1 0 0 0 13/25 20:04 2:34 2:01
Michael Stone 0 0 0 0 0 1 1 1 0 1 0/0 16:35 0:14 3:16
Petr Vrana 0 0 0 -1 0 4 2 1 1 0 0/0 18:57 1:12 1:51
Ryan Reaves 0 0 0 -1 2 1 2 1 0 1 1/1 17:05 1:11 0:00
Sam Carrick 0 0 0 0 0 0 0 0 0 0 0/0 0:00 0:00 0:00
Samuel Groulx 0 0 0 0 0 0 0 0 0 0 0/0 12:27 0:14 0:20
Troy Brouwer 2 0 2 1 0 5 3 0 1 0 1/2 21:32 2:34 3:23
Tyler Haskins 0 0 0 -1 0 4 1 0 0 0 6/13 17:06 1:12 0:00
Players Stats for Griffins
Player Name G A P +/- PIM S H SB GA TA FO MP PP MP PK MP
------------------------------------------------------------------------------------
Devin Shore 0 0 0 0 0 0 1 0 0 0 1/4 12:51 0:00 1:32
Gord Baldwin 0 0 0 1 0 0 2 0 0 0 0/0 18:32 2:47 1:43
Greg Mauldin 0 1 1 1 0 2 0 0 2 0 5/10 16:06 2:39 0:00
J.T. Brown 0 0 0 0 2 3 2 1 0 0 0/1 11:38 0:00 0:18
Jamie Arniel 0 1 1 -2 0 4 1 0 0 0 18/33 21:19 3:42 1:27
Jan Mursak 0 0 0 0 0 4 1 0 1 0 2/2 10:23 0:00 2:22
Justin Braun 0 0 0 0 0 0 0 0 0 0 0/0 6:43 0:00 2:45
Lucas Lessio 0 0 0 0 0 1 0 0 0 0 0/0 10:08 0:00 1:29
Mike Duco 1 0 1 1 0 4 1 1 0 0 0/0 16:15 2:39 0:09
Nathan Oystrick 0 0 0 0 0 0 2 0 0 0 0/0 17:08 0:00 1:43
Oscar Klefbom 0 0 0 0 0 0 1 1 1 0 0/0 19:13 3:38 0:00
Petr Pohl 0 1 1 -2 2 2 2 0 0 1 2/3 20:47 3:46 0:46
Petter Granberg 0 0 0 1 0 0 0 0 0 0 0/0 13:00 2:47 0:00
Pontus Aberg 0 1 1 1 0 1 1 0 0 0 1/1 13:38 0:04 0:00
Robert Dome 1 0 1 0 0 5 2 0 1 0 1/1 14:39 3:46 0:00
Simon Despres 0 0 0 -2 2 2 1 2 0 0 0/0 23:33 3:38 0:18
Theo Peckham 0 0 0 -2 0 7 4 1 0 1 0/0 21:50 0:00 2:27
Tye McGinn 0 0 0 -2 0 1 5 2 0 0 0/2 19:18 2:39 0:28
Vladislav Namestnikov 0 0 0 0 0 1 0 0 0 0 2/4 8:28 0:00 0:25
3 Stars
1 - Troy Brouwer (Kin)
2 - Michael Latta (Kin)
3 - Anders Nilsson (Kin)
Power Play
Ice Dragons - 2 on 4 Attempt(s) - 50.00%
Griffins - 1 on 4 Attempt(s) - 25.00%
Penalty Kill
Ice Dragons - 3 on 4 Attempt(s) - 75.00%
- Score 0 goal in Penalty Kill
Griffins - 2 on 4 Attempt(s) - 50.00%
- Score 0 goal in Penalty Kill
Team Stat
Ice Dragons - Hits : 16 - Faceoff Wins : 29 - Blocked Shots : 4 - Penalty Minutes : 8
Griffins - Hits : 26 - Faceoff Wins : 32 - Blocked Shots : 8 - Penalty Minutes : 8
Official
Referees : Auger Stephane and Hebert Ghislain
Linesman : Scott Cherrey and Steve Barton
Game Notes
No Game Note
Finance
Level 1 -- Attendance: 1544 (77.20%) -- Ticket Income $54,040
Level 2 -- Attendance: 797 (79.70%) -- Ticket Income $15,940
Total Attendance: 2341 (78.03%)
Total Ticket Income: $69,980
Other Income: $3,499
Total Income: $73,479
Ice Dragons
5 vs 5 Forward
Center Left Wing Right Wing Time % Phy DF OF
1 Michael Latta Curtis Glencross Troy Brouwer 40 1 2 2
2 Tyler Haskins Petr Vrana Ryan Reaves 30 1 2 2
3 Andrej Nestrasil Logan MacMillan Brandon Kozun 20 1 2 2
4 Michael Chaput Michael Ferland Curtis Glencross 10 1 2 2
5 vs 5 Defense
Defense Defense Time % Phy DF OF
1 Joe Callahan Ian Cole 40 1 2 2
2 Kevin Connauton Justin Faulk 30 1 2 2
3 Michael Stone Samuel Groulx 20 1 2 2
4 Michael Stone Joe Callahan 10 1 2 2
PowerPlay Forward
Center Left Wing Right Wing Time % Phy DF OF
1 Michael Latta Curtis Glencross Troy Brouwer 60 1 2 2
2 Tyler Haskins Petr Vrana Ryan Reaves 40 1 2 2
PowerPlay Defense
Defense Defense Time % Phy DF OF
1 Joe Callahan Ian Cole 60 1 2 2
2 Kevin Connauton Justin Faulk 40 1 2 2
Penalty Kill 4 Players Forward
Center Wing Time % Phy DF OF
1 Curtis Glencross Troy Brouwer 60 1 2 2
2 Michael Latta Petr Vrana 40 1 2 2
Penalty Kill 4 Players Defense
Defense Defense Time % Phy DF OF
1 Joe Callahan Ian Cole 60 1 2 2
2 Kevin Connauton Michael Stone 40 1 2 2
Penalty Kill - 3 Players Forward
Forward Time % Phy DF OF
1 Curtis Glencross 60 1 2 2
2 Troy Brouwer 40 1 2 2
Penalty Kill - 3 Players Defense
Defense Defense Time % Phy DF OF
1 Joe Callahan Ian Cole 60 1 2 2
2 Kevin Connauton Michael Stone 40 1 2 2
4 vs 4 Forward
Center Wing Time % Phy DF OF
1 Curtis Glencross Troy Brouwer 60 1 2 2
2 Michael Latta Petr Vrana 40 1 2 2
4 vs 4 Defense
Defense Defense Time % Phy DF OF
1 Joe Callahan Ian Cole 60 1 2 2
2 Kevin Connauton Michael Stone 40 1 2 2
Last Minutes Offensive
Center Left Wing Right Wing Defense Defense
Michael Latta Curtis Glencross Troy Brouwer Joe Callahan Justin Faulk
Last Minutes Defensive
Center Left Wing Right Wing Defense Defense
Michael Latta Curtis Glencross Troy Brouwer Joe Callahan Ian Cole
Goaltenders
Starting : Anders Nilsson
Backup : Harru Sateri
Extra Forwards
Normal : Andrej Nestrasil, Logan MacMillan, Michael Chaput - PP : Andrej Nestrasil, Logan MacMillan - PK : Michael Chaput
Extra Defensemen
Normal : Justin Faulk, Samuel Groulx, Michael Stone - PP : Michael Stone - PK : Samuel Groulx, Michael Stone
Penalty Shots
Curtis Glencross, Troy Brouwer, Michael Latta, Petr Vrana, Tyler Haskins
Scratches
Theodor Blueger (Healthy), Justin Shugg (Healthy), Chris Wagner (Healthy), Tomas Kudelka (Healthy), Christian Djoos (Healthy)
Oscar Dansk (Healthy)
Griffins
5 vs 5 Forward
Center Left Wing Right Wing Time % Phy DF OF
1 Jamie Arniel Tye McGinn Petr Pohl 40 1 2 2
2 Greg Mauldin Pontus Aberg Mike Duco 30 1 2 2
3 Devin Shore Robert Dome J.T. Brown 20 1 2 2
4 Vladislav Namestnikov Jan Mursak Lucas Lessio 10 1 2 2
5 vs 5 Defense
Defense Defense Time % Phy DF OF
1 Theo Peckham Simon Despres 40 1 2 2
2 Nathan Oystrick Oscar Klefbom 30 1 2 2
3 Gord Baldwin Petter Granberg 20 1 2 2
4 Gord Baldwin Justin Braun 10 1 2 2
PowerPlay Forward
Center Left Wing Right Wing Time % Phy DF OF
1 Jamie Arniel Robert Dome Petr Pohl 60 1 2 2
2 Greg Mauldin Tye McGinn Mike Duco 40 1 2 2
PowerPlay Defense
Defense Defense Time % Phy DF OF
1 Simon Despres Oscar Klefbom 60 1 2 2
2 Gord Baldwin Petter Granberg 40 1 2 2
Penalty Kill 4 Players Forward
Center Wing Time % Phy DF OF
1 Jamie Arniel Jan Mursak 60 1 2 2
2 J.T. Brown Mike Duco 40 1 2 2
Penalty Kill 4 Players Defense
Defense Defense Time % Phy DF OF
1 Theo Peckham Justin Braun 60 1 2 2
2 Gord Baldwin Nathan Oystrick 40 1 2 2
Penalty Kill - 3 Players Forward
Forward Time % Phy DF OF
1 Jamie Arniel 60 1 2 2
2 Mike Duco 40 1 2 2
Penalty Kill - 3 Players Defense
Defense Defense Time % Phy DF OF
1 Theo Peckham Justin Braun 60 1 2 2
2 Gord Baldwin Nathan Oystrick 40 1 2 2
4 vs 4 Forward
Center Wing Time % Phy DF OF
1 Robert Dome Petr Pohl 60 1 2 2
2 Jamie Arniel Tye McGinn 40 1 2 2
4 vs 4 Defense
Defense Defense Time % Phy DF OF
1 Theo Peckham Oscar Klefbom 60 1 2 2
2 Gord Baldwin Simon Despres 40 1 2 2
Last Minutes Offensive
Center Left Wing Right Wing Defense Defense
Jamie Arniel Robert Dome Petr Pohl Oscar Klefbom Simon Despres
Last Minutes Defensive
Center Left Wing Right Wing Defense Defense
Jamie Arniel Jan Mursak Mike Duco Theo Peckham Nathan Oystrick
Goaltenders
Starting : Jason Missiaen
Backup : Thomas Greiss
Extra Forwards
Normal : Jamie Arniel, Tye McGinn, Pontus Aberg - PP : Pontus Aberg, Devin Shore - PK : Petr Pohl
Extra Defensemen
Normal : Theo Peckham, Simon Despres, Petter Granberg - PP : Theo Peckham - PK : Simon Despres, Oscar Klefbom
Penalty Shots
Robert Dome, Petr Pohl, Jamie Arniel, Tye McGinn, Greg Mauldin
Scratches
Garrett Wilson (Healthy), Tanner Kero (Healthy), Greg McKegg (Healthy), Kyle Lawson (Healthy), Brett Bulmer (Healthy)
Stuart Percy (Healthy), Rich Clune (Healthy), Jerome Gauthier-Leduc (Healthy), Konrad Abeltshauser (Healthy), Tomas Hyka (Healthy)
Brian Hart (Healthy), Casey Wellman (Healthy), Tyler Beskorowany (Healthy)
% Time on Ice - Ice Dragons
Lines # - Real PCT - Wanted PCT - Time Play
Normal Forward
1 - 32% - 40% - 15:46
2 - 32% - 30% - 15:54
3 - 23% - 20% - 11:23
4 - 12% - 10% - 6:04
Normal Defense
1 - 42% - 40% - 20:27
2 - 32% - 30% - 15:35
3 - 21% - 20% - 10:33
4 - 5% - 10% - 2:32
PP Forward
1 - 73% - 60% - 3:16
2 - 27% - 40% - 1:12
PP Defense
1 - 61% - 60% - 2:43
2 - 39% - 40% - 1:45
PK Forward
1 - 77% - 60% - 4:58
2 - 23% - 40% - 1:27
PK Defense
1 - 49% - 60% - 3:09
2 - 51% - 40% - 3:16
PK3 Forward
1 - 0% - 60%
2 - 0% - 40%
PK3 Defense
1 - 0% - 60%
2 - 0% - 40%
44 Forward
1 - 0% - 60%
2 - 0% - 40%
44 Defense
1 - 0% - 60%
2 - 0% - 40%
Last Minute Offensive - 0:00
Last Minute Defensive - 0:00
Total
Forward - 60:00
Defense - 60:00
|
% Time on Ice - Griffins
Lines # - Real PCT - Wanted PCT - Time Play
Normal Forward
1 - 34% - 40% - 16:38
2 - 28% - 30% - 13:43
3 - 22% - 20% - 10:45
4 - 16% - 10% - 8:01
Normal Defense
1 - 40% - 40% - 19:40
2 - 32% - 30% - 15:36
3 - 20% - 20% - 10:02
4 - 8% - 10% - 3:49
PP Forward
1 - 59% - 60% - 3:46
2 - 41% - 40% - 2:39
PP Defense
1 - 57% - 60% - 3:38
2 - 43% - 40% - 2:47
PK Forward
1 - 93% - 60% - 4:10
2 - 7% - 40% - 0:18
PK Defense
1 - 62% - 60% - 2:45
2 - 38% - 40% - 1:43
PK3 Forward
1 - 0% - 60%
2 - 0% - 40%
PK3 Defense
1 - 0% - 60%
2 - 0% - 40%
44 Forward
1 - 0% - 60%
2 - 0% - 40%
44 Defense
1 - 0% - 60%
2 - 0% - 40%
Last Minute Offensive - 0:00
Last Minute Defensive - 0:00
Total
Forward - 60:00
Defense - 60:00
|
Play by Play
1st period
0:01 of 1st period - Michael Latta wins face-off versus Jamie Arniel in neutral zone.
0:03 of 1st period - Off-side.
0:04 of 1st period - Jamie Arniel wins face-off versus Michael Latta in neutral zone.
0:07 of 1st period - Michael Latta is hit by Tye McGinn.
0:22 of 1st period - Icing by Theo Peckham.
0:23 of 1st period - Tyler Haskins wins face-off versus Tye McGinn in Griffins zone.
1:21 of 1st period - Wrist shot by Tye McGinn.
1:21 of 1st period - Shot Misses the Net.
1:23 of 1st period - Slapshot by Theo Peckham.
1:23 of 1st period - Deflect By Tye McGinn.
1:23 of 1st period - Stopped by Anders Nilsson with a rebound.
1:25 of 1st period - Snap shot by Theo Peckham.
1:25 of 1st period - Deflect By Justin Faulk.
1:25 of 1st period - Stopped by Anders Nilsson without a rebound.
1:26 of 1st period - Andrej Nestrasil wins face-off versus Greg Mauldin in Ice Dragons zone.
1:41 of 1st period - Snap shot by Greg Mauldin.
1:41 of 1st period - Shot Blocked by Michael Stone.
2:06 of 1st period - Snap shot by Andrej Nestrasil.
2:06 of 1st period - Deflect By Logan MacMillan.
2:06 of 1st period - Stopped by Jason Missiaen without a rebound.
2:07 of 1st period - Michael Latta wins face-off versus J.T. Brown in Griffins zone.
2:19 of 1st period - Minor Penalty to J.T. Brown for Delaying the game.
2:20 of 1st period - Michael Latta wins face-off versus Jamie Arniel in Griffins zone.
2:24 of 1st period - Wrist shot by Troy Brouwer.
2:24 of 1st period - Goal by Troy Brouwer - Ice Dragons : 1 - Griffins : 0.
2:25 of 1st period - Michael Latta wins face-off versus Greg Mauldin in neutral zone.
3:52 of 1st period - Michael Chaput is hit by Gord Baldwin and loses puck.
4:01 of 1st period - Snap shot by Greg Mauldin.
4:01 of 1st period - Shot Misses the Net.
4:03 of 1st period - Snap shot by Mike Duco.
4:03 of 1st period - Stopped by Anders Nilsson with a rebound.
4:05 of 1st period - Slapshot by Theo Peckham.
4:05 of 1st period - Stopped by Anders Nilsson without a rebound.
4:06 of 1st period - Tyler Haskins wins face-off versus Devin Shore in Ice Dragons zone.
4:08 of 1st period - Minor Penalty to Ryan Reaves for Boarding.
4:09 of 1st period - Curtis Glencross wins face-off versus Jamie Arniel in Ice Dragons zone.
4:24 of 1st period - Slapshot by Petr Pohl.
4:24 of 1st period - Stopped by Anders Nilsson with a rebound.
4:34 of 1st period - Troy Brouwer is hit by Tye McGinn and loses puck.
6:08 of 1st period - Penalty to Ryan Reaves is over, Ryan Reaves is back on ice.
6:17 of 1st period - Justin Faulk is hit by Simon Despres.
6:21 of 1st period - Slapshot by Theo Peckham.
6:21 of 1st period - Stopped by Anders Nilsson without a rebound.
6:22 of 1st period - Vladislav Namestnikov wins face-off versus Andrej Nestrasil in Ice Dragons zone.
6:43 of 1st period - Minor Penalty to Logan MacMillan for Hooking.
6:44 of 1st period - Jamie Arniel wins face-off versus Curtis Glencross in Ice Dragons zone.
6:45 of 1st period - Snap shot by Robert Dome.
6:45 of 1st period - Deflect By Troy Brouwer.
6:45 of 1st period - Shot Misses the Net.
6:45 of 1st period - Puck is out of play.
6:46 of 1st period - Curtis Glencross wins face-off versus Jamie Arniel in Ice Dragons zone.
6:57 of 1st period - Backhand shot by Petr Pohl.
6:57 of 1st period - Shot Misses the Net.
6:59 of 1st period - Snap shot by Oscar Klefbom.
6:59 of 1st period - Deflect By Robert Dome.
6:59 of 1st period - Shot Misses the Net.
6:59 of 1st period - Puck is out of play.
7:00 of 1st period - Jamie Arniel wins face-off versus Curtis Glencross in Ice Dragons zone.
7:11 of 1st period - Snap shot by Robert Dome.
7:11 of 1st period - Goal by Robert Dome - Ice Dragons : 1 - Griffins : 1.
7:12 of 1st period - Greg Mauldin wins face-off versus Michael Latta in neutral zone.
7:39 of 1st period - Joe Callahan is hit by Petr Pohl and loses puck.
8:23 of 1st period - Robert Dome is hit by Brandon Kozun.
8:27 of 1st period - Andrej Nestrasil is hit by Devin Shore.
8:39 of 1st period - Theo Peckham is hit by Ryan Reaves and loses puck.
8:46 of 1st period - Slapshot by Petr Vrana.
8:46 of 1st period - Stopped by Jason Missiaen with a rebound.
9:08 of 1st period - Wrist shot by Michael Latta.
9:08 of 1st period - Stopped by Jason Missiaen with a rebound.
9:18 of 1st period - Samuel Groulx is hit by Jan Mursak and loses puck.
9:38 of 1st period - Snap shot by Greg Mauldin.
9:38 of 1st period - Stopped by Anders Nilsson without a rebound.
9:39 of 1st period - Michael Chaput wins face-off versus Greg Mauldin in Ice Dragons zone.
10:04 of 1st period - Gord Baldwin is hit by Ryan Reaves and loses puck.
10:44 of 1st period - Curtis Glencross is hit by Gord Baldwin and loses puck.
10:57 of 1st period - Slapshot by Petr Vrana.
10:57 of 1st period - Shot Misses the Net.
10:59 of 1st period - Backhand shot by Petr Vrana.
10:59 of 1st period - Stopped by Jason Missiaen with a rebound.
11:11 of 1st period - Snap shot by Brandon Kozun.
11:11 of 1st period - Deflect By Logan MacMillan.
11:11 of 1st period - Stopped by Jason Missiaen with a rebound.
11:23 of 1st period - Wrist shot by Curtis Glencross.
11:23 of 1st period - Stopped by Jason Missiaen with a rebound.
11:25 of 1st period - Slapshot by Michael Stone.
11:25 of 1st period - Stopped by Jason Missiaen without a rebound.
11:26 of 1st period - Petr Pohl wins face-off versus Michael Chaput in Griffins zone.
11:50 of 1st period - Samuel Groulx is hit by Robert Dome and loses puck.
12:13 of 1st period - Slapshot by Jan Mursak.
12:13 of 1st period - Stopped by Anders Nilsson without a rebound.
12:14 of 1st period - Jan Mursak wins face-off versus Andrej Nestrasil in Ice Dragons zone.
12:15 of 1st period - Snap shot by Lucas Lessio.
12:15 of 1st period - Shot Misses the Net.
12:27 of 1st period - Slapshot by Kevin Connauton.
12:27 of 1st period - Stopped by Jason Missiaen without a rebound.
12:28 of 1st period - Jamie Arniel wins face-off versus Troy Brouwer in Griffins zone.
12:33 of 1st period - Snap shot by Curtis Glencross.
12:33 of 1st period - Shot Misses the Net.
12:53 of 1st period - Michael Latta is hit by J.T. Brown and loses puck.
13:21 of 1st period - Snap shot by Mike Duco.
13:21 of 1st period - Goal by Mike Duco - Ice Dragons : 1 - Griffins : 2.
13:22 of 1st period - Jamie Arniel wins face-off versus Tyler Haskins in neutral zone.
13:37 of 1st period - Wrist shot by Tye McGinn.
13:37 of 1st period - Shot Misses the Net.
13:47 of 1st period - Andrej Nestrasil is hit by Pontus Aberg.
14:05 of 1st period - Icing by Logan MacMillan.
14:06 of 1st period - Andrej Nestrasil wins face-off versus Devin Shore in Ice Dragons zone.
14:06 of 1st period - Andrej Nestrasil is hit by Theo Peckham.
14:20 of 1st period - Wrist shot by Curtis Glencross.
14:20 of 1st period - Shot Misses the Net.
14:22 of 1st period - Wrist shot by Troy Brouwer.
14:22 of 1st period - Shot Blocked by Simon Despres.
14:57 of 1st period - Wrist shot by Greg Mauldin.
14:57 of 1st period - Stopped by Anders Nilsson without a rebound.
14:58 of 1st period - Greg Mauldin wins face-off versus Curtis Glencross in Ice Dragons zone.
15:09 of 1st period - Wrist shot by Mike Duco.
15:09 of 1st period - Shot Misses the Net.
15:11 of 1st period - Snap shot by Pontus Aberg.
15:11 of 1st period - Stopped by Anders Nilsson without a rebound.
15:12 of 1st period - Michael Latta wins face-off versus Jamie Arniel in Ice Dragons zone.
15:44 of 1st period - Slapshot by Petr Vrana.
15:44 of 1st period - Stopped by Jason Missiaen without a rebound.
15:45 of 1st period - Tyler Haskins wins face-off versus Jamie Arniel in Griffins zone.
15:52 of 1st period - Snap shot by Petr Vrana.
15:52 of 1st period - Stopped by Jason Missiaen with a rebound.
15:54 of 1st period - Wrist shot by Petr Vrana.
15:54 of 1st period - Shot Misses the Net.
15:56 of 1st period - Slapshot by Tyler Haskins.
15:56 of 1st period - Stopped by Jason Missiaen without a rebound.
15:57 of 1st period - Troy Brouwer wins face-off versus Jamie Arniel in Griffins zone.
16:30 of 1st period - Backhand shot by Tyler Haskins.
16:30 of 1st period - Shot Blocked by Mike Duco.
16:32 of 1st period - Snap shot by Petr Vrana.
16:32 of 1st period - Shot Blocked by Oscar Klefbom.
16:50 of 1st period - Slapshot by Robert Dome.
16:50 of 1st period - Stopped by Anders Nilsson with a rebound.
16:52 of 1st period - Wrist shot by J.T. Brown.
16:52 of 1st period - Stopped by Anders Nilsson with a rebound.
17:26 of 1st period - Minor Penalty to Simon Despres for Roughing.
17:27 of 1st period - Jamie Arniel wins face-off versus Michael Latta in Griffins zone.
17:41 of 1st period - Slapshot by Michael Latta.
17:41 of 1st period - Deflect By Jamie Arniel.
17:41 of 1st period - Stopped by Jason Missiaen without a rebound.
17:42 of 1st period - Jamie Arniel wins face-off versus Michael Latta in Griffins zone.
17:51 of 1st period - Wrist shot by Michael Latta.
17:51 of 1st period - Goal by Michael Latta - Ice Dragons : 2 - Griffins : 2.
17:52 of 1st period - Jamie Arniel wins face-off versus Michael Latta in neutral zone.
17:55 of 1st period - Michael Latta is hit by Petr Pohl and loses puck.
18:18 of 1st period - Greg Mauldin is hit by Petr Vrana and loses puck.
19:03 of 1st period - Snap shot by Jan Mursak.
19:03 of 1st period - Deflect By Vladislav Namestnikov.
19:03 of 1st period - Stopped by Anders Nilsson with a rebound.
19:05 of 1st period - Snap shot by Jan Mursak.
19:05 of 1st period - Stopped by Anders Nilsson with a rebound.
19:07 of 1st period - Backhand shot by Theo Peckham.
19:07 of 1st period - Stopped by Anders Nilsson with a rebound.
19:09 of 1st period - Slapshot by Simon Despres.
19:09 of 1st period - Stopped by Anders Nilsson with a rebound.
19:11 of 1st period - Slapshot by Simon Despres.
19:11 of 1st period - Stopped by Anders Nilsson with a rebound.
19:13 of 1st period - Snap shot by Theo Peckham.
19:13 of 1st period - Shot Misses the Net.
19:25 of 1st period - Wrist shot by Petr Pohl.
19:25 of 1st period - Deflect By Jamie Arniel.
19:25 of 1st period - Stopped by Anders Nilsson with a rebound.
19:44 of 1st period - Wrist shot by Troy Brouwer.
19:44 of 1st period - Shot Misses the Net.
Goals for this period are 2 for Ice Dragons vs 2 for Griffins.
Shots for this period are 14 for Ice Dragons vs 20 for Griffins.
2nd period
0:01 of 2nd period - Jamie Arniel wins face-off versus Michael Latta in neutral zone.
0:03 of 2nd period - Off-side.
0:04 of 2nd period - Michael Latta wins face-off versus Jamie Arniel in neutral zone.
1:33 of 2nd period - Jan Mursak is hit by Curtis Glencross and loses puck.
2:02 of 2nd period - Brandon Kozun is hit by Theo Peckham and loses puck.
2:49 of 2nd period - Slapshot by Jan Mursak.
2:49 of 2nd period - Stopped by Anders Nilsson without a rebound.
2:50 of 2nd period - Jan Mursak wins face-off versus Tyler Haskins in Ice Dragons zone.
3:05 of 2nd period - Wrist shot by Jan Mursak.
3:05 of 2nd period - Shot Misses the Net.
3:07 of 2nd period - Slapshot by Jan Mursak.
3:07 of 2nd period - Deflect By Joe Callahan.
3:07 of 2nd period - Shot Misses the Net.
3:07 of 2nd period - Puck is out of play.
3:08 of 2nd period - Michael Latta wins face-off versus Jamie Arniel in Ice Dragons zone.
3:08 of 2nd period - Michael Latta is hit by Jamie Arniel.
3:34 of 2nd period - Ian Cole is hit by Nathan Oystrick and loses puck.
3:41 of 2nd period - Wrist shot by J.T. Brown.
3:41 of 2nd period - Stopped by Anders Nilsson without a rebound.
3:42 of 2nd period - Greg Mauldin wins face-off versus Tyler Haskins in Ice Dragons zone.
3:45 of 2nd period - Slapshot by Mike Duco.
3:45 of 2nd period - Shot Blocked by Ryan Reaves.
3:55 of 2nd period - Snap shot by Petr Vrana.
3:55 of 2nd period - Shot Blocked by Simon Despres.
3:57 of 2nd period - Backhand shot by Tyler Haskins.
3:57 of 2nd period - Stopped by Jason Missiaen with a rebound.
4:16 of 2nd period - Wrist shot by Andrej Nestrasil.
4:16 of 2nd period - Goal by Andrej Nestrasil - Ice Dragons : 3 - Griffins : 2.
4:17 of 2nd period - Jamie Arniel wins face-off versus Michael Latta in neutral zone.
4:24 of 2nd period - Wrist shot by Joe Callahan.
4:24 of 2nd period - Deflect By Curtis Glencross.
4:24 of 2nd period - Shot Blocked by Tye McGinn.
4:24 of 2nd period - Puck is out of play.
4:25 of 2nd period - Michael Latta wins face-off versus Jamie Arniel in Griffins zone.
4:28 of 2nd period - Slapshot by Curtis Glencross.
4:28 of 2nd period - Shot Blocked by Tye McGinn.
4:30 of 2nd period - Snap shot by Curtis Glencross.
4:30 of 2nd period - Shot Misses the Net.
4:32 of 2nd period - Slapshot by Curtis Glencross.
4:32 of 2nd period - Stopped by Jason Missiaen without a rebound.
4:32 of 2nd period - Minor Penalty to Jason Missiaen for Slashing.
4:33 of 2nd period - Michael Latta wins face-off versus Petr Pohl in Griffins zone.
4:34 of 2nd period - Snap shot by Troy Brouwer.
4:34 of 2nd period - Stopped by Jason Missiaen with a rebound.
4:42 of 2nd period - Snap shot by Troy Brouwer.
4:42 of 2nd period - Shot Blocked by Theo Peckham.
4:44 of 2nd period - Slapshot by Ian Cole.
4:44 of 2nd period - Shot Hit the Post.
4:46 of 2nd period - Snap shot by Troy Brouwer.
4:46 of 2nd period - Stopped by Jason Missiaen with a rebound.
4:48 of 2nd period - Slapshot by Curtis Glencross.
4:48 of 2nd period - Shot Misses the Net.
5:30 of 2nd period - Gord Baldwin is hit by Tyler Haskins and loses puck.
6:32 of 2nd period - Penalty to Jamie Arniel is over, Jamie Arniel is back on ice.
6:47 of 2nd period - Greg Mauldin is hit by Andrej Nestrasil and loses puck.
7:06 of 2nd period - Wrist shot by Petr Pohl.
7:06 of 2nd period - Stopped by Anders Nilsson without a rebound.
7:07 of 2nd period - Jamie Arniel wins face-off versus Michael Chaput in Ice Dragons zone.
7:12 of 2nd period - Slapshot by Jamie Arniel.
7:12 of 2nd period - Stopped by Anders Nilsson with a rebound.
7:32 of 2nd period - Petter Granberg is hit by Troy Brouwer.
7:48 of 2nd period - Wrist shot by Robert Dome.
7:48 of 2nd period - Stopped by Anders Nilsson without a rebound.
7:49 of 2nd period - Jamie Arniel wins face-off versus Michael Latta in Ice Dragons zone.
8:02 of 2nd period - Snap shot by Michael Latta.
8:02 of 2nd period - Stopped by Jason Missiaen without a rebound.
8:03 of 2nd period - Tyler Haskins wins face-off versus Greg Mauldin in Griffins zone.
8:12 of 2nd period - Slapshot by Tyler Haskins.
8:12 of 2nd period - Stopped by Jason Missiaen without a rebound.
8:13 of 2nd period - Greg Mauldin wins face-off versus Tyler Haskins in Griffins zone.
8:36 of 2nd period - Slapshot by Ian Cole.
8:36 of 2nd period - Shot Misses the Net.
9:54 of 2nd period - Snap shot by Pontus Aberg.
9:54 of 2nd period - Shot Misses the Net.
9:56 of 2nd period - Slapshot by Theo Peckham.
9:56 of 2nd period - Stopped by Anders Nilsson with a rebound.
9:58 of 2nd period - Slapshot by Simon Despres.
9:58 of 2nd period - Shot Blocked by Petr Vrana.
10:00 of 2nd period - Snap shot by Greg Mauldin.
10:00 of 2nd period - Deflect By Mike Duco.
10:00 of 2nd period - Stopped by Anders Nilsson without a rebound.
10:01 of 2nd period - Michael Latta wins face-off versus Jamie Arniel in Ice Dragons zone.
10:01 of 2nd period - Michael Latta is hit by Nathan Oystrick.
10:10 of 2nd period - Minor Penalty to Petr Pohl for High sticking.
10:11 of 2nd period - Jamie Arniel wins face-off versus Curtis Glencross in Griffins zone.
11:04 of 2nd period - Ian Cole is hit by Theo Peckham and loses puck.
12:04 of 2nd period - Tye McGinn is hit by Michael Latta and loses puck.
12:10 of 2nd period - Penalty to Petr Pohl is over, Petr Pohl is back on ice.
12:30 of 2nd period - Minor Penalty to Andrej Nestrasil for Hooking.
12:31 of 2nd period - Curtis Glencross wins face-off versus Jamie Arniel in Ice Dragons zone.
12:58 of 2nd period - Petr Vrana is hit by Mike Duco and loses puck.
13:43 of 2nd period - Robert Dome is hit by Ian Cole and loses puck.
14:30 of 2nd period - Penalty to Andrej Nestrasil is over, Andrej Nestrasil is back on ice.
14:44 of 2nd period - Slapshot by Tyler Haskins.
14:44 of 2nd period - Stopped by Jason Missiaen without a rebound.
14:45 of 2nd period - Tyler Haskins wins face-off versus Vladislav Namestnikov in Griffins zone.
14:46 of 2nd period - Snap shot by Petr Vrana.
14:46 of 2nd period - Shot Misses the Net.
15:00 of 2nd period - Jan Mursak is hit by Petr Vrana and loses puck.
15:09 of 2nd period - Wrist shot by Tyler Haskins.
15:09 of 2nd period - Shot Misses the Net.
15:11 of 2nd period - Snap shot by Tyler Haskins.
15:11 of 2nd period - Deflect By Ryan Reaves.
15:11 of 2nd period - Stopped by Jason Missiaen without a rebound.
15:12 of 2nd period - Jamie Arniel wins face-off versus Michael Latta in Griffins zone.
15:43 of 2nd period - Icing by Michael Latta.
15:44 of 2nd period - Curtis Glencross wins face-off versus Devin Shore in Ice Dragons zone.
15:49 of 2nd period - Backhand shot by Joe Callahan.
15:49 of 2nd period - Shot Misses the Net.
15:55 of 2nd period - Slapshot by Troy Brouwer.
15:55 of 2nd period - Shot Blocked by J.T. Brown.
16:05 of 2nd period - Slapshot by Simon Despres.
16:05 of 2nd period - Shot Misses the Net.
16:07 of 2nd period - Slapshot by Theo Peckham.
16:07 of 2nd period - Stopped by Anders Nilsson with a rebound.
16:19 of 2nd period - Devin Shore is hit by Curtis Glencross.
16:49 of 2nd period - Slapshot by Curtis Glencross.
16:49 of 2nd period - Stopped by Jason Missiaen with a rebound.
16:51 of 2nd period - Slapshot by Joe Callahan.
16:51 of 2nd period - Stopped by Jason Missiaen with a rebound.
16:53 of 2nd period - Snap shot by Troy Brouwer.
16:53 of 2nd period - Stopped by Jason Missiaen without a rebound.
16:54 of 2nd period - Tyler Haskins wins face-off versus Tye McGinn in Griffins zone.
16:59 of 2nd period - Slapshot by Justin Faulk.
16:59 of 2nd period - Stopped by Jason Missiaen without a rebound.
17:00 of 2nd period - Petr Pohl wins face-off versus Tyler Haskins in Griffins zone.
17:11 of 2nd period - Off-side.
17:12 of 2nd period - Jamie Arniel wins face-off versus Tyler Haskins in neutral zone.
17:15 of 2nd period - Wrist shot by Tye McGinn.
17:15 of 2nd period - Shot Misses the Net.
18:21 of 2nd period - Snap shot by Jan Mursak.
18:21 of 2nd period - Shot Misses the Net.
19:30 of 2nd period - Wrist shot by Troy Brouwer.
19:30 of 2nd period - Goal by Troy Brouwer - Ice Dragons : 4 - Griffins : 2.
19:31 of 2nd period - Jamie Arniel wins face-off versus Michael Latta in neutral zone.
Goals for this period are 2 for Ice Dragons vs 0 for Griffins.
Shots for this period are 14 for Ice Dragons vs 8 for Griffins.
3rd period
0:01 of 3rd period - Jamie Arniel wins face-off versus Michael Latta in neutral zone.
0:04 of 3rd period - Snap shot by Oscar Klefbom.
0:04 of 3rd period - Deflect By Jamie Arniel.
0:04 of 3rd period - Shot Misses the Net.
0:04 of 3rd period - Puck is out of play.
0:05 of 3rd period - Jamie Arniel wins face-off versus Michael Latta in Ice Dragons zone.
0:21 of 3rd period - Wrist shot by Curtis Glencross.
0:21 of 3rd period - Stopped by Jason Missiaen with a rebound.
0:33 of 3rd period - Wrist shot by Jamie Arniel.
0:33 of 3rd period - Stopped by Anders Nilsson with a rebound.
0:35 of 3rd period - Snap shot by Jamie Arniel.
0:35 of 3rd period - Stopped by Anders Nilsson with a rebound.
1:25 of 3rd period - Off-side.
1:26 of 3rd period - Greg Mauldin wins face-off versus Tyler Haskins in neutral zone.
3:06 of 3rd period - Kevin Connauton is hit by Robert Dome and loses puck.
3:36 of 3rd period - Petr Vrana is hit by Theo Peckham and loses puck.
3:49 of 3rd period - Simon Despres is hit by Troy Brouwer and loses puck.
4:57 of 3rd period - Icing by Greg Mauldin.
4:58 of 3rd period - Ryan Reaves wins face-off versus Greg Mauldin in Griffins zone.
5:15 of 3rd period - Kevin Connauton is hit by Tye McGinn and loses puck.
6:51 of 3rd period - Slapshot by Gord Baldwin.
6:51 of 3rd period - Shot Misses the Net.
7:47 of 3rd period - Logan MacMillan is hit by Tye McGinn and loses puck.
8:09 of 3rd period - Minor Penalty to Michael Ferland for Hooking.
8:10 of 3rd period - Curtis Glencross wins face-off versus Jamie Arniel in Ice Dragons zone.
8:22 of 3rd period - Off-side.
8:23 of 3rd period - Robert Dome wins face-off versus Curtis Glencross in neutral zone.
8:40 of 3rd period - Oscar Klefbom is hit by Troy Brouwer and loses puck.
10:09 of 3rd period - Penalty to Michael Ferland is over, Michael Ferland is back on ice.
10:23 of 3rd period - Snap shot by Jan Mursak.
10:23 of 3rd period - Stopped by Anders Nilsson without a rebound.
10:24 of 3rd period - Vladislav Namestnikov wins face-off versus Andrej Nestrasil in Ice Dragons zone.
10:29 of 3rd period - Slapshot by Theo Peckham.
10:29 of 3rd period - Stopped by Anders Nilsson with a rebound.
10:31 of 3rd period - Slapshot by Lucas Lessio.
10:31 of 3rd period - Stopped by Anders Nilsson without a rebound.
10:32 of 3rd period - Pontus Aberg wins face-off versus Logan MacMillan in Ice Dragons zone.
13:02 of 3rd period - Petr Vrana is hit by Tye McGinn and loses puck.
14:18 of 3rd period - Snap shot by Brandon Kozun.
14:18 of 3rd period - Stopped by Jason Missiaen with a rebound.
14:48 of 3rd period - Devin Shore is hit by Michael Stone and loses puck.
15:34 of 3rd period - Off-side.
15:35 of 3rd period - Michael Latta wins face-off versus Vladislav Namestnikov in neutral zone.
16:00 of 3rd period - Wrist shot by Robert Dome.
16:00 of 3rd period - Stopped by Anders Nilsson without a rebound.
16:01 of 3rd period - Devin Shore wins face-off versus Andrej Nestrasil in Ice Dragons zone.
16:10 of 3rd period - Snap shot by Robert Dome.
16:10 of 3rd period - Stopped by Anders Nilsson with a rebound.
16:16 of 3rd period - Snap shot by J.T. Brown.
16:16 of 3rd period - Stopped by Anders Nilsson without a rebound.
16:17 of 3rd period - Michael Latta wins face-off versus Jamie Arniel in Ice Dragons zone.
16:24 of 3rd period - Slapshot by Curtis Glencross.
16:24 of 3rd period - Stopped by Jason Missiaen with a rebound.
16:47 of 3rd period - Logan MacMillan is hit by J.T. Brown and loses puck.
17:45 of 3rd period - Slapshot by Mike Duco.
17:45 of 3rd period - Stopped by Anders Nilsson with a rebound.
18:09 of 3rd period - Petter Granberg is hit by Brandon Kozun and loses puck.
18:51 of 3rd period - Snap shot by J.T. Brown.
18:51 of 3rd period - Shot Blocked by Kevin Connauton.
19:03 of 3rd period - Joe Callahan is hit by Oscar Klefbom and loses puck.
19:34 of 3rd period - Backhand shot by Andrej Nestrasil.
19:34 of 3rd period - Shot Hit the Post.
19:36 of 3rd period - Wrist shot by Joe Callahan.
19:36 of 3rd period - Stopped by Jason Missiaen without a rebound.
19:37 of 3rd period - Michael Latta wins face-off versus Jamie Arniel in Griffins zone.
Goals for this period are 0 for Ice Dragons vs 0 for Griffins.
Shots for this period are 4 for Ice Dragons vs 9 for Griffins.
Back to the Top